 Dungeon Crawl Stone Soup version 0.32-a0-86-g8db1b9f803 (webtiles) character file.

Game seed: 12188833272232945232

5321 Atlas the Thaumaturge (level 10, -1/51 HPs)
             Began as a Deep Elf Fire Elementalist on Feb 5, 2024.
             Was a Believer of Vehumet.
             Slain by a yak (8 damage)
             ... on level 9 of the Dungeon.
             The game lasted 00:10:11 (10659 turns).

Atlas the Thaumaturge (Deep Elf Fire Elementalist) Turns: 10659, Time: 00:10:11

Health: -1/51      AC:  5    Str:  7    XL:     10   Next: 38%
Magic:  16/29      EV: 12    Int: 23    God:    Vehumet [**....]
Gold:   403        SH:  6    Dex: 15    Spells: 29/36 levels left

rFire   . . .        p - +1 dagger (venom)
rCold   . . .        f - +2 buckler
rNeg    . . .        o - +0 leather armour
rPois   +            h - +0 helmet
rElec   .            (no cloak)
rCorr   .            (no gloves)
SInv    .            m - +0 pair of boots
Will    +....        (no amulet)
Stlth   ++           D - ring of wizardry
HPRegen 0.28/turn    r - ring of poison resistance
MPRegen 0.21/turn

%: wizardry (x1)
@: no status effects
A: no striking features
a: Renounce Religion


You were on level 9 of the Dungeon.
You worshipped Vehumet.
Vehumet was pleased with you.
You visited 2 branches of the dungeon, and saw 11 of its levels.

You collected 403 gold pieces.

Inventory:

Hand Weapons
 p - a +1 dagger of venom (weapon)
Missiles
 y - 2 throwing nets
Armour
 f - a +2 buckler (worn)
 h - a +0 helmet (worn)
 m - a +0 pair of boots (worn)
 n - +0 storm dragon scales
 o - a +0 leather armour (worn)
Jewellery
 r - a ring of poison resistance (right hand)
 z - a ring of magical power
 D - a ring of wizardry (left hand)
 H - a +6 ring of strength
 J - a ring of positive energy
Wands
 B - a wand of polymorph (7)
 G - a wand of flame (12)
 I - a wand of mindburst (6)
Scrolls
 c - 6 scrolls of identify {unknown}
 d - 4 scrolls of teleportation {unknown}
 e - a scroll of noise {unknown}
 g - a scroll of enchant weapon {unknown}
 i - 3 scrolls of revelation {unknown}
 l - a scroll of fog {unknown}
 q - 2 scrolls of enchant armour {unknown}
 t - 2 scrolls of poison {unknown}
 u - 3 scrolls of vulnerability {unknown}
 A - a scroll of blinking {unknown}
 E - 2 scrolls of silence {unknown}
 F - 2 scrolls of fear {unknown}
Potions
 a - a potion of cancellation {unknown}
 b - 2 potions of magic
 j - a potion of curing
 k - 2 potions of enlightenment
 s - a potion of lignification {unknown}
 v - a potion of haste {unknown}
 w - 3 potions of attraction
 x - a potion of mutation {unknown}
 C - 2 potions of heal wounds {unknown}
 K - a potion of degeneration {unknown}


   Skills:
 + Level 0.6 Fighting
 + Level 3.0 Armour
 + Level 4.0 Dodging
 + Level 4.2 Stealth
 + Level 0.4 Shields
 + Level 13.6 Spellcasting
 + Level 5.5 Conjurations
 + Level 10.0 Fire Magic


You had 29 spell levels left.
You knew the following spells:

 Your Spells              Type           Power      Damage    Failure   Level
a - Scorch                Fire           100%       2d9       1%          2
b - Foxfire               Conj/Fire      100%       2x1d9     1%          1
c - Flame Wave            Conj/Fire      51%        2d13      1%          4

Your spell library contained the following spells:

 Spells                   Type           Power      Damage    Failure   Level
 Searing Ray              Conj           82%        2d7       1%          2
 Kiss of Death            Conj/Necr      100%       2d13      1%          1
 Inner Flame              Hex/Fire       38%        N/A       1%          3
 Volatile Blastmotes      Fire/Tloc      76%        2d16      1%          3
 Dazzling Flash           Conj/Hex       56%        N/A       3%          3
 Stone Arrow              Conj/Erth      56%        3d10      3%          3
 Necrotise                Necr           60%        1d7       4%          1
 Slow                     Hex            60%        N/A       4%          1
 Sticky Flame             Fire/Alch      38%        2d8       4%          4
 Cigotuvi's Dreadful Rot  Necr/Alch/Air  30%        N/A       6%          2
 Confusing Touch          Hex            15%        N/A       12%         3
 Gell's Gravitas          Tloc           15%        N/A       12%         3
 Sigil of Binding         Hex            15%        N/A       12%         3
 Teleport Other           Tloc           15%        N/A       12%         3
 Vampiric Draining        Necr           15%        2d7       12%         3
 Starburst                Conj/Fire      25%        6d8       24%         6
 Animate Armour           Summ/Erth      30%        N/A       34%         4
 Dispel Undead            Necr           15%        3d10      34%         4
 Dispersal                Tloc           7%         N/A       99%         6
 Lehudib's Crystal Spear  Conj/Erth      14%        10d5      100%        8
 Maxwell's Capacitive Co  Air            7%         ∞         100%        8


Dungeon Overview and Level Annotations

Branches:
Dungeon (10/15)            Temple (1/1) D:4             Orc (0/2) D:10
   Lair: D:8-11

Altars:
Ashenzari
Cheibriados
Dithmenos
Elyvilon
Fedhas
Gozag
Hepliaklqana
Kikubaaqudgha
Makhleb
Nemelex Xobeh
Okawaru
Qazlal
Ru
Sif Muna
Trog
Uskayaw
Vehumet
Wu Jian
Xom
Yredelemnul
Zin
The Shining One

Shops:
D:3 =

Annotations:
D:3 1 runed translucent door, Crazy Yiuf
D:7 3 runed translucent doors
D:10 Snorg


Message History

The yak gores you!
A wave of flame ripples out!
The flame wave engulfs the yak!
The yak is burned terribly!
You kill the yak!
Vehumet accepts your kill.
The flame wave engulfs the orc!
You kill the orc!
Vehumet accepts your kill.
Your Fire Magic skill increases to level 10!
A wave of flame ripples out!
The flame wave engulfs the yak!!
The yak is heavily wounded.
The flame wave engulfs the yak!
The yak is moderately wounded.
The flame wave engulfs the yak!!
The yak is heavily wounded.
You finish channelling waves of flame.
The yak closely misses you. The yak attacks as it pursues you!
The yak gores you!
There is a stone staircase leading up here.
The yak gores you.
You climb upwards.
There is a stone staircase leading down here.
Casting: Flame Wave (dangerous; 1% risk of failure)
Confirm with . or Enter, or press ? or * to list all spells.
Casting: Flame Wave (dangerous; 1% risk of failure)
Press: ? - help, Dir - look around, f - activate A wave of flame ripples out!
The flame wave engulfs the yak.
The yak is severely wounded. (Press . to intensify the flame waves.)
The yak gores you!
* * * LOW HITPOINT WARNING * * *
A wave of flame ripples out!
The flame wave engulfs the yak!
The yak is almost dead.
You block the yak's attack.
A wave of flame ripples out!
The flame wave engulfs the yak.
The yak is almost dead.
You finish channelling waves of flame.
The yak gores you!
* * * LOW HITPOINT WARNING * * *
The yak gores you!
You die...

#....# ##.# #####'###
##'### #...#...# #....#
###.#.#†# #....###
#...#.#†# #....#..
#.###.#.#########...)).#
#.#...#.'.......'....###
#.#.#############....#
#.....Y@# #....#
######### ######


You could see a yak.

Vanquished Creatures
  Grinder (D:3)
  Sigmund (D:5)
  6 yaks
  A wraith (D:9)
  A wyvern (D:9)
  Menkaure (D:5)
  2 water moccasins
  6 orc warriors
  An ice beast (D:6)
  2 sky beasts (D:7)
  A black bear (D:6)
  3 centaurs
  A phantom (D:7)
  3 kobold brigands
  Blork the orc (D:4)
  3 bullfrogs
  A gnoll sergeant (D:9)
  2 scorpions
  4 wights (D:8)
  10 killer bees (D:9)
  3 howler monkeys
  A bombardier beetle (D:7)
  3 jellies
  6 orc priests
  6 iguanas
  6 orc wizards
  3 gnolls (D:9)
  2 adders
  2 white imps (D:7)
  4 ufetubi
  A dart slug (D:5)
  A ribbon worm (D:4)
  38 orcs
  10 endoplasms
  3 giant cockroaches
  10 goblins
  7 hobgoblins
  6 jackals
  19 kobolds
  2 quokkas (D:1)
  4 ball pythons
  8 bats
  2 frilled lizards
  3 rats
201 creatures vanquished.

Vanquished Creatures (others)
  659 foxfires
659 creatures vanquished.

Grand Total: 860 creatures vanquished

Notes
Turn   | Place    | Note
-------+----------+-------------------------------------------
     0 | D:1      | Atlas the Deep Elf Fire Elementalist began the quest for
                  | the Orb.
     0 | D:1      | Reached XP level 1. HP: 10/10 MP: 6/6
   192 | D:1      | Reached XP level 2. HP: 12/15 MP: 2/8
   428 | D:1      | Got the Parchment of Malevolent Deeds
   785 | D:1      | Learned a level 2 spell: Scorch
  1003 | D:2      | Reached XP level 3. HP: 19/19 MP: 4/9
  1723 | D:2      | Found a faded altar of an unknown god.
  2187 | D:3      | Reached XP level 4. HP: 24/24 MP: 8/11
  2246 | D:3      | Found Poddies's Jewellery Emporium.
  2386 | D:3      | Found a glowing golden altar of the Shining One.
  2395 | D:3      | Noticed Grinder
  2406 | D:3      | Killed Grinder
  2407 | D:3      | Reached skill level 5 in Spellcasting
  2407 | D:3      | Reached skill level 5 in Fire Magic
  2407 | D:3      | Reached XP level 5. HP: 28/28 MP: 0/15
  2407 | D:3      | Reached XP level 6. HP: 32/32 MP: 0/16
  2815 | D:3      | Found a runed translucent door.
  2816 | D:3      | Noticed Crazy Yiuf
  3421 | D:4      | Found a staircase to the Ecumenical Temple.
  3430 | Temple   | Entered the Ecumenical Temple
  3458 | Temple   | Became a worshipper of Vehumet
  3502 | D:4      | Reached skill level 6 in Spellcasting
  3887 | D:4      | Noticed Blork the orc
  3892 | D:4      | Killed Blork the orc
  3994 | D:4      | Reached XP level 7. HP: 36/36 MP: 14/19
  4261 | D:5      | Entered Level 5 of the Dungeon
  4277 | D:5      | Reached skill level 7 in Spellcasting
  4638 | D:5      | Noticed Menkaure
  4640 | D:5      | Killed Menkaure
  4646 | D:5      | Reached skill level 8 in Spellcasting
  4759 | D:5      | Noticed Sigmund
  4767 | D:5      | Learned a level 4 spell: Flame Wave
  4799 | D:5      | Killed Sigmund
  5162 | D:6      | Found a basalt altar of Yredelemnul.
  5232 | D:6      | Reached skill level 9 in Spellcasting
  5232 | D:6      | Reached XP level 8. HP: 41/41 MP: 18/23
  5274 | D:6      | Reached skill level 1 in Armour
  5545 | D:6      | Found a stormy altar of Qazlal.
  5546 | D:6      | Found an ancient bone altar of Kikubaaqudgha.
  5815 | D:7      | Reached skill level 10 in Spellcasting
  5959 | D:7      | Reached * piety under Vehumet
  5959 | D:7      | Offered knowledge of Sting by Vehumet.
  6125 | D:7      | Found a runed translucent gate.
  6126 | D:7      | Found a runed translucent gate.
  6126 | D:7      | Found a runed translucent gate.
  6126 | D:7      | Noticed a polar bear
  6126 | D:7      | Noticed a manticore
  6126 | D:7      | Noticed a polar bear
  6127 | D:7      | Noticed a manticore
  6370 | D:7      | Reached XP level 9. HP: 46/46 MP: 16/25
  7157 | D:8      | Reached skill level 11 in Spellcasting
  7957 | D:8      | Reached skill level 5 in Conjurations
  8430 | D:8      | Found an opulent altar of Gozag.
  8715 | D:8      | Reached skill level 12 in Spellcasting
  8832 | D:8      | Reached ** piety under Vehumet
  8832 | D:8      | HP: 2/46 [yak (10)]
  8833 | D:8      | Offered knowledge of Freeze by Vehumet.
  9511 | D:9      | Reached XP level 10. HP: 42/51 MP: 5/28
  9893 | D:9      | Reached skill level 13 in Spellcasting
 10232 | D:9      | Offered knowledge of Searing Ray by Vehumet.
 10397 | D:10     | Entered Level 10 of the Dungeon
 10634 | D:10     | Found a staircase to the Orcish Mines.
 10637 | D:10     | Noticed Snorg
 10646 | D:10     | Reached skill level 10 in Fire Magic
 10659 | D:9      | Slain by a yak

Illustrated notes

Levels and vault maps discovered:
D:1:      doesnt_arrival_eight_statues, layout_rooms, amethyst_killhole
D:2:      layout_loops_ring, chequers_ecumenical_altar_simple_redux,
          minmay_misc_feat_doors, kennysheep_pointless_box
D:3:      layout_loops_cross, tso_metal_star, serial_shops, shop,
          uniq_crazy_yiuf_cottage, uniq_grinder
D:4:      layout_loops_ring, minmay_temple_entry_ruins, uniq_blork_the_orc
D:5:      layout_basic, nicolae_letterblocks [nicolae_letter_subblock,
          nicolae_letter_subblock, nicolae_letter_subblock,
          nicolae_letter_subblock, nicolae_letter_subblock,
          nicolae_letter_subblock, nicolae_letter_subblock,
          nicolae_letter_subblock, nicolae_letter_subblock,
          nicolae_letter_subblock, nicolae_letter_subblock,
          nicolae_letter_subblock, nicolae_letter_subblock,
          nicolae_letter_subblock, nicolae_letter_subblock,
          nicolae_letter_subblock, nicolae_letter_subblock,
          nicolae_letter_subblock, nicolae_letter_subblock,
          nicolae_letter_subblock, nicolae_letter_subblock,
          nicolae_letter_subblock, nicolae_letter_subblock,
          nicolae_letter_subblock, nicolae_letter_subblock], uniq_menkaure,
          uniq_sigmund
D:6:      layout_rooms, mainiacjoe_overflow_catwalk,
          gammafunk_temple_overflow_statue
D:7:      lemuel_bear_cage, layout_layer_cave
D:8:      layout_basic, nicolae_gozag_seed_capital, special_room
          [special_room_orc], nicolae_houndstooth_variations
D:9:      layout_roguey
D:10:     layout_basic, lair_entry_dummy, david_orc_3, serial_shops,
          nicolae_shop_waterfront, abandoned_shop, nicolae_diode_intersection,
          uniq_snorg
Temple:   bh_familiar_temple

Skill      XL: |  1  2  3  4  5  6  7  8  9 10 |
---------------+-------------------------------+-----
Fire Magic     | 4 5 6 7 9 10 | 10.0
Conjurations   | 2 3 4 5 |  5.5
Stealth        | 3 4 |  4.2
Spellcasting   | 5 6 9 10 12 13 | 13.6
Armour         | 1 2 3 |  3.0
Dodging        | 3 4 |  4.0
Fighting       | |  0.6
Shields        | |  0.4

Action                     |  1- 3 |  4- 6 |  7- 9 | 10-12 || total
---------------------------+-------+-------+-------+-------++-------
  Melee: Unarmed           |    11 |       |       |       ||    11
         Dagger            |    10 |       |       |       ||    10
         Punch             |     1 |       |       |       ||     1
   Cast: Foxfire           |    86 |    40 |   234 |    24 ||   384
         Scorch            |    18 |    22 |    59 |    27 ||   126
         Flame Wave        |       |       |     6 |     9 ||    15
    Use: Potion            |       |       |     4 |     1 ||     5
 Armour: Robe              |    17 |       |       |       ||    17
         Leather armour    |       |     5 |    49 |    21 ||    75
  Dodge: Dodged            |    23 |     6 |    29 |    11 ||    69
  Block: Buckler           |       |     1 |    14 |     9 ||    24

Table legend: (Time is in decaauts)
 A = Elapsed time spent in this place.
 B = Non-inter-level travel time spent in this place.
 C = Inter-level travel time spent in this place.
 D = Time resting spent in this place.
 E = Time spent auto-exploring this place.
 F = Levels seen in this place.
 G = Mean time per level.
                   A        B        C        D        E       F      G
               +--------+--------+--------+--------+--------+-----+--------+
         Total |  10657 |  10298 |    359 |    765 |   8261 |  11 |  968.8 |
       Dungeon |  10612 |  10287 |    325 |    765 |   8251 |  10 | 1061.2 |
        Temple |     45 |     11 |     34 |      0 |     10 |   1 |   45.0 |
               +--------+--------+--------+--------+--------+-----+--------+

Top non-repeatable levels by time:
     D:8: 1891 daAuts
     D:7: 1840 daAuts
     D:2: 1171 daAuts
     D:3: 1085 daAuts
     D:1: 996 daAuts
     D:5: 984 daAuts
     D:4: 960 daAuts
     D:9: 950 daAuts
     D:6: 474 daAuts
    D:10: 257 daAuts
  Temple: 45 daAuts
